 Dungeon Crawl Stone Soup version 0.32-a0-876-gcfddb08e57 (webtiles) character file.

Game seed: 7726572969986810905

160 Dordric the Grasshopper (level 5, 0/50 HPs)
             Began as an Oni Warper on Apr 1, 2024.
             Slain by a hound (4 damage)
             ... on level 4 of the Dungeon.
             The game lasted 00:05:48 (2740 turns).

Dordric the Grasshopper (Oni Warper)                Turns: 2740, Time: 00:05:49

Health: 0/50       AC:  5    Str: 17    XL:     5   Next: 41%
Magic:  8/8        EV:  8    Int: 14    God:
Gold:   199        SH:  0    Dex:  8    Spells: 2/8 levels left

rFire   . . .        g - +0 dire flail
rCold   + . .        (shield currently unavailable)
rNeg    . . .        l - +2 robe {Will+}
rPois   .            (helmet restricted)
rElec   +            (no cloak)
rCorr   .            (gloves unavailable)
SInv    .            (boots unavailable)
Will    +....        (no amulet)
Stlth   +            (no ring)
HPRegen 0.28/turn    (no ring)
MPRegen 0.11/turn

%: no passive effects
@: no status effects
A: large, unfitting armour, horns 1, tough skin 1, double potion healing,
drunken brawling, cold resistance 1, electricity resistance
a: no special abilities


You were on level 4 of the Dungeon.
You visited 1 branch of the dungeon, and saw 4 of its levels.

You collected 199 gold pieces.

Inventory:

Hand Weapons
 a - a +0 mace of electrocution
 g - a +0 dire flail (weapon)
 j - a +0 vampiric whip
Missiles
 d - 7 darts of dispersal (quivered)
 n - 4 poisoned darts
Armour
 l - a +2 robe of willpower (worn)
Scrolls
 b - a scroll of revelation
 c - a scroll of blinking
 e - 2 scrolls of teleportation
 f - 2 scrolls of torment
 h - a scroll of immolation
 i - a scroll of enchant weapon {unknown}
 k - a scroll of fog {unknown}
Potions
 m - a potion of ambrosia {unknown}


   Skills:
 - Level 2.6 Fighting
 + Level 4.0 Maces & Flails
 - Level 1.0 Throwing
 - Level 2.1 Dodging
 - Level 2.4 Spellcasting
 + Level 4.2 Translocations


You had 2 spell levels left.
You knew the following spells:

 Your Spells              Type           Power      Damage    Failure   Level
a - Blink                 Tloc           26%        N/A       6%          2
b - Maxwell's Portable P  Tloc           13%        2d(7-13)  36%         4

Your spell library contained the following spells:

 Spells                   Type           Power      Damage    Failure   Level
 Lesser Beckoning         Tloc           26%        N/A       6%          2
 Magic Dart               Conj           4%         1d3       22%         1
 Call Imp                 Summ           2%         N/A       34%         2
 Searing Ray              Conj           2%         2d4       34%         2
 Sublimation of Blood     Necr           1%         N/A       34%         2
 Teleport Other           Tloc           13%        N/A       12%         3
 Vhi's Electric Charge    Tloc/Air       14%        N/A       67%         4
 Fulminant Prism          Conj/Alch      0%         3d5       92%         4
 Petrify                  Alch/Erth      1%         N/A       92%         4
 Irradiate                Conj/Alch      0%         3d11      99%         5
 Summon Hydra             Summ           0%         N/A       100%        7


Dungeon Overview and Level Annotations

Branches:
Dungeon (4/15)
 Temple: D:4-7

Altars:
Nemelex Xobeh

Shops:
D:1 ?*[(


Innate Abilities, Weirdness & Mutations

You are too large for most types of armour.
You have a pair of small horns on your head.
You have tough skin. (AC +1)
You gain doubled healing and magic from potions.
Whenever you drink a healing potion, you attack all around you.
Your flesh is cold resistant. (rC+)
You are resistant to electric shocks. (rElec)


Message History

The gnoll barely misses you.
You closely miss the gnoll.
The gnoll is heavily wounded.
The gnoll hits you with a +0 spear.
You sock the gnoll!
You kill the gnoll!
A gnoll comes into view. It is wielding a +0 flail.
Your Maces & Flails skill increases to level 4!
You puncture the gnoll!
The gnoll is severely wounded.
A hound comes into view.
The hound barks!
You sock the gnoll!
You kill the gnoll!
The gnoll hits you with a +0 flail! The hound bites you but does no damage.
You closely miss the hound. The gnoll hits you but does no damage.
The hound closely misses you. The gnoll hits you but does no damage.
You closely miss the hound. The hound bites you but does no damage.
The hound barely misses you. The gnoll hits you with a +0 flail.
You are too injured to fight recklessly!
You are too injured to fight recklessly!
Unknown command.
You are too injured to fight recklessly!
You hit the gnoll. Your headbutt misses the gnoll.
The gnoll is lightly wounded.
The hound bites you. The hound barely misses you.
The gnoll hits you with a +0 flail.
You closely miss the gnoll. You headbutt the gnoll.
The gnoll is lightly wounded.
The hound bites you but does no damage. The gnoll hits you with a +0 flail!
* * * LOW HITPOINT WARNING * * *
You hit the gnoll but do no damage.
The gnoll is lightly wounded.
The hound barely misses you. The hound bites you.
* * * LOW HITPOINT WARNING * * *
The gnoll hits you with a +0 flail.
* * * LOW HITPOINT WARNING * * *
There is a stone staircase leading up here.
The hound bites you.
You die...

# .##
####..
#.#.. ##...
... #.#
####@#
#...h#
.......g).#
####..#####
.... ##...
.... .####


You could see a hound and a gnoll.

Vanquished Creatures
  Jessica (D:2)
  Robin (D:2)
  3 gnolls (D:4)
  2 adders
  A dart slug (D:2)
  A ribbon worm (D:2)
  3 ball pythons
  7 endoplasms
  3 giant cockroaches
  12 goblins
  6 hobgoblins
  4 quokkas
  7 bats
  2 frilled lizards
  9 kobolds
  6 rats
68 creatures vanquished.

Notes
Turn   | Place    | Note
-------+----------+-------------------------------------------
     0 | D:1      | Dordric the Oni Warper began the quest for the Orb.
     0 | D:1      | Reached XP level 1. HP: 22/22 MP: 3/3
    84 | D:1      | Found Xiekeco's Antique Weapon Boutique.
   212 | D:1      | Found Joanioc's Armour Emporium.
   254 | D:1      | Found Fyilor's General Store.
   283 | D:1      | Reached XP level 2. HP: 29/29 MP: 5/5
   691 | D:1      | Found Arrant's Magic Scroll Boutique.
   697 | D:1      | Learned a level 2 spell: Blink
   739 | D:2      | Noticed Jessica
   739 | D:2      | Noticed Robin
   743 | D:2      | Killed Jessica
   744 | D:2      | Reached XP level 3. HP: 30/36 MP: 6/6
   908 | D:2      | Reached XP level 4. HP: 25/44 MP: 7/7
   979 | D:2      | Killed Robin
  1342 | D:2      | Found a faded altar of an unknown god.
  1361 | D:2      | Gained mutation: Your flesh is cold resistant. (rC+)
                  | [potion of mutation]
  1361 | D:2      | Gained mutation: You are resistant to electric shocks.
                  | (rElec) [potion of mutation]
  1782 | D:3      | Learned a level 4 spell: Maxwell's Portable Piledriver
  2018 | D:3      | Reached XP level 5. HP: 45/50 MP: 8/8
  2094 | D:3      | Found a sparkling altar of Nemelex Xobeh.
  2740 | D:4      | Slain by a hound

Illustrated notes

Levels and vault maps discovered:
D:1:      evilmike_arrival_home_sweet_home, layout_loops_ring, serial_shops,
          nicolae_shop_tiny_real_fake_doors, nicolae_shop_rolled_up, shop, shop,
          hangedman_abyss_or_decor_lesser_grid, minmay_misc_feat_pillars
D:2:      layout_loops_ring, ebering_ecumenical_altar_abandoned,
          columned_hall_lemuel, minivault_14, minivault_26, uniq_jessica,
          uniq_robin
D:3:      layout_basic, mainiacjoe_overflow_24_doors, fountainhead
D:4:      minmay_general_purpose_star, layout_rooms

Skill      XL: |  1  2  3  4  5 |
---------------+----------------+-----
Translocations | 3 4 |  4.2
Maces & Flails | 3 4 |  4.0
Fighting       | |  2.6
Throwing       | |  1.0
Dodging        | |  2.1
Spellcasting   | |  2.4

Action                     |  1- 3 |  4- 6 || total
---------------------------+-------+-------++-------
  Melee: Mace              |    13 |    37 ||    50
         Whip              |    68 |    30 ||    98
         Headbutt          |     8 |    17 ||    25
         Dire flail        |       |    67 ||    67
    Use: Scroll            |       |     8 ||     8
         Potion            |       |     1 ||     1
   Stab: Sleeping          |     1 |       ||     1
 Armour: Robe              |    68 |    88 ||   156
  Dodge: Dodged            |    53 |    79 ||   132

Table legend: (Time is in decaauts)
 A = Elapsed time spent in this place.
 B = Non-inter-level travel time spent in this place.
 C = Inter-level travel time spent in this place.
 D = Time resting spent in this place.
 E = Time spent auto-exploring this place.
 F = Levels seen in this place.
 G = Mean time per level.
                   A        B        C        D        E       F      G
               +--------+--------+--------+--------+--------+-----+--------+
         Total |   2752 |   2616 |    136 |      0 |   2090 |   4 |  688.0 |
       Dungeon |   2752 |   2616 |    136 |      0 |   2090 |   4 |  688.0 |
               +--------+--------+--------+--------+--------+-----+--------+

Top non-repeatable levels by time:
     D:3: 963 daAuts
     D:2: 933 daAuts
     D:1: 837 daAuts
     D:4: 18 daAuts
